 Dungeon Crawl Stone Soup version 0.27-a0-1219-g958d993ae5 (webtiles) character file.

Game seed: 5713521056926380326

271 quinnr the Conjurer (level 5, -1/38 HPs)
             Began as a Demigod Air Elementalist on June 6, 2021.
             Succumbed to an adder's poison
             ... on level 3 of the Dungeon.
             The game lasted 00:10:48 (3591 turns).

quinnr the Conjurer (Demigod Air Elementalist)      Turns: 3591, Time: 00:10:48

Health: -1/38      AC:  3    Str:  9    XL:     5   Next: 70%
Magic:  0/10       EV: 12    Int: 21    God:
Gold:   62         SH:  0    Dex: 14    Spells: 7/8 levels left

rFire    . . .     SeeInvis .   c - +2 falchion (holy)
rCold    . . .     Faith    .   (no shield)
rNeg     . . .     Spirit   .   a - +0 robe
rPois    .         Reflect  .   (no helmet)
rElec    .         Harm     .   (no cloak)
rCorr    .         Rampage  .   (no gloves)
Will     .....                  h - +0 pair of boots
Stlth    ++........             (no amulet)
HPRegen  0.12/turn              (no ring)
MPRegen  0.12/turn              (no ring)

@: lethally poisoned (-1 -> -7), flying
A: high mp 1, forlorn
a: no special abilities


You were on level 3 of the Dungeon.
You visited 1 branch of the dungeon, and saw 3 of its levels.

You collected 62 gold pieces.

Inventory:

Hand Weapons
 c - a +2 falchion of holy wrath (weapon)
Missiles
 d - a throwing net
Armour
 a - a +0 robe (worn)
 h - a +0 pair of boots (worn)
Magical Staves
 k - a staff of fire
Jewellery
 i - a ring of fire
Scrolls
 b - a scroll of fear
 e - 2 scrolls of noise
 f - a scroll of amnesia {unknown}
Potions
 g - a potion of cancellation
 j - a potion of invisibility


   Skills:
 - Level 1.7 Dodging
 - Level 1.7 Stealth
 - Level 2.0 Spellcasting
 * Level 5.4 Conjurations
 - Level 2.6 Air Magic


You had 7 spell levels left.
You knew the following spells:

 Your Spells              Type           Power      Damage    Failure   Level
a - Shock                 Conj/Air       76%        1d7       2%          1

Your spell library contained the following spells:

 Spells                   Type           Power      Damage    Failure   Level
 Magic Dart               Conj           100%       1d8       1%          1
 Static Discharge         Conj/Air       19%        N/A       4%          2
 Conjure Flame            Conj/Fire      13%        6-21      14%         3
 Mephitic Cloud           Conj/Pois/Air  13%        N/A       14%         3
 Swiftness                Air            13%        N/A       14%         3
 Blink                    Tloc           N/A        N/A       22%         2
 Call Imp                 Summ           2%         N/A       22%         2
 Slow                     Hex            2%         N/A       22%         2
 Airstrike                Air            6%         N/A       43%         4
 Lightning Bolt           Conj/Air       9%         1d22      61%         5


Dungeon Overview and Level Annotations

Branches:
Dungeon (3/15)


Innate Abilities, Weirdness & Mutations

Your attributes grow dramatically as you level up.
You have an increased reservoir of magic. (+10% MP)
You shall have no god before yourself.


Message History

Confirm with . or Enter, or press ? or * to list all spells.
Aiming: Shock (safe; 2% risk of failure)
Press: ? - help, Shift-Dir - straight line The zap hits the adder.
The adder is severely wounded.
* * * LOW HITPOINT WARNING * * *
You feel sick. The adder bites you but does no damage.
Unknown command.
Casting: Shock (safe; 2% risk of failure)
Confirm with . or Enter, or press ? or * to list all spells.
Aiming: Shock (safe; 2% risk of failure)
Press: ? - help, Shift-Dir - straight line The zap misses the adder.
* * * LOW HITPOINT WARNING * * *
You feel sick.
You are no longer poisoned.
The adder bites you but does no damage.
Casting: Shock (safe; 2% risk of failure)
Confirm with . or Enter, or press ? or * to list all spells.
You don't have enough magic to cast this spell.
Unknown command.
Unknown command.
The adder bites you but does no damage.
You completely miss the adder.
The adder is severely wounded.
The adder closely misses you. The adder barely misses you.
Casting: Shock (safe; 2% risk of failure)
Confirm with . or Enter, or press ? or * to list all spells.
Aiming: Shock (safe; 2% risk of failure)
Press: ? - help, Shift-Dir - straight line, f - adder
Aim: an adder (severely wounded, 53% to hit)
The zap hits the adder.
The adder is severely wounded.
The adder bites you.
* * * LOW HITPOINT WARNING * * *
You are lethally poisoned!
The adder poisons you!
You miss the adder.
The adder is severely wounded.
You die...

..........##.##########
#########..#.#.........
##.#.#.........
#.#.#.........
#...#.........
###<....†.......
#...############
#..†#≈†≈#≈S†≈≈≈#
###..≈#†#≈#@######
#....≈#≈#≈#≈#≈≈≈≈#
#.#.≈≈≈≈#≈≈†≈≈##≈#
#....≈#≈#≈########
#....≈≈≈#≈≈ #.....#≈###
#....≈≈≈# #.....≈≈###
#.........#


You could see an adder.

Vanquished Creatures
  Jessica (D:2)
  Natasha (thrice) (D:2)
  2 orc wizards (D:2)
  4 adders
  2 river rats (D:3)
  2 worms (D:3)
  3 orcs (D:2)
  4 endoplasms
  4 giant cockroaches
  3 goblins
  6 hobgoblins
  4 jackals (D:1)
  3 quokkas
  5 ball pythons
  4 bats
  2 frilled lizards (D:1)
  5 kobolds
  13 rats
70 creatures vanquished.

Notes
Turn   | Place    | Note
-------+----------+-------------------------------------------
     0 | D:1      | quinnr the Demigod Air Elementalist began the quest for the
                  | Orb.
     0 | D:1      | Reached XP level 1. HP: 14/14 MP: 5/5
   163 | D:1      | Reached skill level 1 in Conjurations
   488 | D:1      | Reached XP level 2. HP: 20/20 MP: 5/7
   785 | D:1      | Reached skill level 2 in Conjurations
  1786 | D:2      | Reached XP level 3. HP: 26/26 MP: 4/8
  2280 | D:2      | Reached skill level 3 in Conjurations
  2291 | D:2      | Noticed Jessica
  2301 | D:2      | Killed Jessica
  2313 | D:2      | Reached XP level 4. HP: 26/33 MP: 1/9
  2462 | D:2      | Noticed Natasha
  2469 | D:2      | Killed Natasha
  2470 | D:2      | Reached skill level 4 in Conjurations
  2522 | D:2      | Noticed Natasha
  2525 | D:2      | Killed Natasha
  2650 | D:2      | Noticed Natasha
  2658 | D:2      | Killed Natasha
  2659 | D:2      | Reached XP level 5. HP: 25/38 MP: 1/10
  2989 | D:2      | Reached skill level 5 in Conjurations
  3585 | D:3      | HP: 3/38 [poisoned by an adder]
  3587 | D:3      | HP: 1/38 [poisoned by an adder]
  3591 | D:3      | Succumbed to an adder's poison

Illustrated notes

Levels and vault maps discovered:
D:1:      eino_arrival_cavern_d, layout_loops_corners, minivault_27,
          kennysheep_doodads
D:2:      layout_basic, hellmonk_ecumenical_altar_pennies_from_heaven,
          uniq_natasha, uniq_jessica
D:3:      layout_basic, lightli_sewer_entry_pipes

Skill      XL: |  1  2  3  4  5 |
---------------+----------------+-----
Conjurations   | 1 2 3 4 5 |  5.4
Spellcasting   | 2 |  2.0
Dodging        | |  1.7
Stealth        | |  1.7
Air Magic      | |  2.6

Action                   |  1- 3 |  4- 6 || total
-------------------------+-------+-------++-------
Melee: Falchion          |       |     8 ||     8
       Staff             |       |     2 ||     2
 Cast: Shock             |    92 |    78 ||   170
  Use: Scroll            |       |     6 ||     6
       Potion            |       |     3 ||     3
Armor: Robe              |     7 |    21 ||    28
Dodge: Dodged            |    11 |    35 ||    46
       Rpst.: Falchion   |       |     5 ||     5

Table legend: (Time is in decaauts)
 A = Elapsed time spent in this place.
 B = Non-inter-level travel time spent in this place.
 C = Inter-level travel time spent in this place.
 D = Time resting spent in this place.
 E = Time spent auto-exploring this place.
 F = Levels seen in this place.
 G = Mean time per level.
                   A        B        C        D        E       F      G
               +--------+--------+--------+--------+--------+-----+--------+
         Total |   3626 |   3408 |    218 |    297 |   2468 |   3 | 1208.7 |
       Dungeon |   3626 |   3408 |    218 |    297 |   2468 |   3 | 1208.7 |
               +--------+--------+--------+--------+--------+-----+--------+

Top non-repeatable levels by time:
     D:1: 1840 daAuts
     D:2: 1422 daAuts
     D:3: 364 daAuts
